[Event "Deutscher Jugend Online Cup 2020"]
[Site "Tornelo"]
[Date "2020.11.14"]
[Round "8.5"]
[White "Bildat, Emilia"]
[Black "Zhou, Lepu Coco"]
[Result "1-0"]
[ECO "A11"]
[WhiteElo "1852"]
[BlackElo "1882"]
[Annotator "NA"]
[PlyCount "87"]
[EventDate "2020.11.13"]
[EventType "k.o."]
[SourceTitle "playchess.com"]
[Source "ChessBase"]
[SourceQuality "1"]
[TimeControl "600+3"]

1. c4 Nf6 2. g3 c6 3. Bg2 d5 4. Nf3 dxc4 5. Na3 b5 6. O-O a6 7. Ne5 Bb7 8. d3 cxd3 9. Nxd3 e6 10. Be3 Bxa3 11. bxa3 O-O 12. Rc1 Nd5 13. Bc5 Re8 14. Bd4 Nd7 15. Nc5 Nxc5 16. Rxc5 e5 17. Bb2 Qb6 18. Qc2 Rad8 19. Rc1 f6 20. Bxd5+ Rxd5 21. Rxd5 cxd5 22. Qc7 Qxc7 23. Rxc7 Bc8 24. Bc3 d4 25. Bb4 Be6 26. Rc6 Bxa2 27. Rxa6 Bc4 28. Rc6 Bxe2 29. Rc2 d3 30. Rc5 Rd8 31. Bd2 Ra8 32. Rc3 Kf7 33. Rc7+ Kg6 34. Rc3 e4 35. Be3 Bf3 36. Bd2 b4 37. axb4 Ra1+ 38. Rc1 Rxc1+ 39. Bxc1 Kf5 40. b5 Ke6 41. b6 e3 42. Bxe3 Kd6 43. Kf1 Kd7 44. Ke1 1-0

[Event "Deutscher Jugend Online Cup 2020"]
[Site "Tornelo"]
[Date "2020.11.14"]
[Round "8.5"]
[White "Wartenberg, Alissa"]
[Black "Haug, Mara"]
[Result "1-0"]
[ECO "B39"]
[WhiteElo "1463"]
[BlackElo "1356"]
[Annotator "NA"]
[PlyCount "91"]
[EventDate "2020.11.13"]
[EventType "k.o."]
[SourceTitle "playchess.com"]
[Source "ChessBase"]
[SourceQuality "1"]
[TimeControl "600+3"]

1. e4 c5 2. Nf3 Nc6 3. d4 cxd4 4. Nxd4 g6 5. c4 Bg7 6. Be3 Nf6 7. Nc3 Ng4 8. Qxg4 Nxd4 9. Qd1 Nc6 10. Rc1 d6 11. Be2 Be6 12. b3 Qc7 13. Qd2 Ne5 14. f3 O-O 15. Bh6 Bxh6 16. Qxh6 Qa5 17. Qd2 Rac8 18. h3 a6 19. g4 f6 20. g5 fxg5 21. Rf1 Bxh3 22. Rf2 Rf4 23. Nd5 Rf7 24. Qxa5 Be6 25. Qd2 Rcf8 26. Qe3 Bxd5 27. cxd5 b5 28. b4 Kg7 29. a3 h6 30. Qc3 Kh7 31. Kd1 g4 32. f4 Rxf4 33. Rxf4 Rxf4 34. Qg3 Rxe4 35. Rc7 Rd4+ 36. Kc2 Rxd5 37. Rxe7+ Kg8 38. Bxg4 Nxg4 39. Qxg4 Kf8 40. Qe6 Rf5 41. Re8+ Kg7 42. Qg8+ Kf6 43. Re6+ Kg5 44. Qxg6+ Kf4 45. Qxh6+ Kf3 46. Qh3+ 1-0

[Event "Deutscher Jugend Online Cup 2020"]
[Site "Tornelo"]
[Date "2020.11.14"]
[Round "8.7"]
[White "Besou, Hussain"]
[Black "Goldmann, David"]
[Result "1-0"]
[ECO "D06"]
[WhiteElo "1804"]
[BlackElo "1644"]
[Annotator "NA"]
[PlyCount "37"]
[EventDate "2020.11.13"]
[EventType "k.o."]
[SourceTitle "playchess.com"]
[Source "ChessBase"]
[SourceQuality "1"]
[TimeControl "600+3"]

1. d4 Nf6 2. c4 d5 3. cxd5 Qxd5 4. Nc3 Qd8 5. e4 e6 6. Be3 Bb4 7. Qc2 O-O 8. a3 Bxc3+ 9. bxc3 Bd7 10. Bd3 Nc6 11. Ne2 Ne7 12. f3 c6 13. O-O Qc7 14. Ng3 Ng6 15. Qd2 Rfd8 16. Bg5 c5 17. Bxf6 gxf6 18. Nh5 f5 19. Qh6 1-0

[Event "Deutscher Jugend Online Cup 2020"]
[Site "Tornelo"]
[Date "2020.11.14"]
[Round "9.6"]
[White "von Mettenheim, Johannes"]
[Black "Costa, Leonardo"]
[Result "1-0"]
[ECO "E06"]
[WhiteElo "1995"]
[BlackElo "2165"]
[Annotator "ChessBase"]
[PlyCount "73"]
[EventDate "2020.11.13"]
[EventType "k.o."]
[SourceTitle "playchess.com"]
[Source "ChessBase"]
[SourceQuality "1"]
[TimeControl "600+3"]

1. d4 d5 2. c4 e6 3. g3 Nf6 4. Bg2 Be7 5. Nf3 O-O 6. O-O c6 7. Nbd2 b6 8. Qc2 Bb7 9. e4 Na6 10. e5 Nd7 11. cxd5 exd5 12. Re1 Nc7 13. Nf1 Ne6 14. Ne3 Rc8 15. Nf5 Re8 16. Nxe7+ Qxe7 17. Be3 c5 18. Qa4 a6 19. Nh4 Bc6 20. Qxa6 Ra8 21. Qd3 cxd4 22. Nf5 Qb4 23. Bxd4 Nxd4 24. Qxd4 Qa5 25. Nd6 Re7 26. Rac1 Rd8 27. b4 Qa8 28. b5 Bb7 29. Rc7 Rb8 30. Rxb7 Rxb7 31. Bxd5 Qa5 32. Rc1 Rb8 33. Nxf7 Rxf7 34. Bxf7+ Kxf7 35. Qxd7+ Kg8 36. Qe6+ Kf8 37. Qd6+ 1-0

[Event "Deutscher Jugend Online Cup 2020"]
[Site "Tornelo"]
[Date "2020.11.14"]
[Round "9.6"]
[White "Becker, Linda"]
[Black "Bildat, Emilia"]
[Result "1/2-1/2"]
[ECO "B23"]
[WhiteElo "1763"]
[BlackElo "1852"]
[Annotator "NA"]
[PlyCount "57"]
[EventDate "2020.11.13"]
[EventType "k.o."]
[SourceTitle "playchess.com"]
[Source "ChessBase"]
[SourceQuality "1"]
[TimeControl "600+3"]

1. e4 c5 2. Nc3 g6 3. f4 Bg7 4. Nf3 e6 5. Bb5 Nc6 6. Bxc6 bxc6 7. d3 d5 8. O-O Ne7 9. Qe1 O-O 10. Na4 c4 11. dxc4 Ba6 12. Nd2 ({White should play} 12. e5 $14) 12... Qa5 (12... dxe4 $5 13. c3 Qa5 $15) 13. Nc3 Bxc3 14. bxc3 Qxc3 15. Nb3 (15. Rb1 $11) 15... Qxc4 16. Rf3 Qxc2 $2 (16... Qxe4 $17 {stays on course.} 17. Ba3 Qxe1+ 18. Rxe1 Rfe8) 17. Ba3 $18 Rfe8 18. Rc3 Qxe4 19. Qxe4 dxe4 20. Bxe7 Rxe7 21. Rxc6 Bd3 22. Rac1 e3 23. Re1 Bb5 24. Rc5 a6 25. Rxe3 Rd7 26. Rec3 Rad8 27. Rc8 Rxc8 28. Rxc8+ Kg7 29. Rc1 1/2-1/2

[Event "Deutscher Jugend Online Cup 2020"]
[Site "Tornelo"]
[Date "2020.11.14"]
[Round "9.6"]
[White "Sickmann, Lisa"]
[Black "Trunz, Tamila"]
[Result "0-1"]
[ECO "C77"]
[WhiteElo "1510"]
[BlackElo "1379"]
[Annotator "NA"]
[PlyCount "64"]
[EventDate "2020.11.13"]
[EventType "k.o."]
[SourceTitle "playchess.com"]
[Source "ChessBase"]
[SourceQuality "1"]
[TimeControl "600+3"]

1. e4 e5 2. Nf3 Nc6 3. Bb5 a6 4. Ba4 Nf6 5. d4 exd4 6. O-O Bc5 7. e5 Nd5 8. c3 Nb6 9. cxd4 Nxa4 10. Qxa4 b5 11. Qd1 Bb6 12. d5 Ne7 13. Bg5 h6 14. Bh4 d6 15. exd6 cxd6 16. Re1 f6 17. Qe2 Bb7 18. Nc3 b4 19. Ne4 O-O 20. Nxf6+ gxf6 21. Qxe7 Qxe7 22. Rxe7 Rf7 23. Rxf7 Kxf7 24. Rd1 Rc8 25. Bg3 Ke7 26. Re1+ Kd7 27. Re6 Rc1+ 28. Ne1 Bc5 29. Kf1 Bxd5 30. Re2 Bc4 31. b3 Bxe2+ 32. Kxe2 Ra1 0-1

[Event "Deutscher Jugend Online Cup 2020"]
[Site "Tornelo"]
[Date "2020.11.14"]
[Round "9.6"]
[White "Buchinger, Alexis"]
[Black "Besou, Hussain"]
[Result "0-1"]
[ECO "C55"]
[WhiteElo "1496"]
[BlackElo "1804"]
[Annotator "NA"]
[PlyCount "70"]
[EventDate "2020.11.13"]
[EventType "k.o."]
[SourceTitle "playchess.com"]
[Source "ChessBase"]
[SourceQuality "1"]
[TimeControl "600+3"]

1. e4 e5 2. Nf3 Nc6 3. Bc4 Nf6 4. d3 h6 5. c3 d6 6. O-O g5 7. Qb3 Qe7 8. Qc2 g4 9. Ne1 h5 10. Na3 h4 11. Bg5 Rh5 12. Bxf6 Qxf6 13. f3 g3 14. h3 Bh6 15. Rd1 Bd7 16. Qb3 Na5 17. Qb4 Nxc4 18. Qxc4 a6 19. d4 O-O-O 20. dxe5 Qxe5 21. Rd5 Be3+ 22. Kh1 Be6 23. Rxe5 Bxc4 24. Rxh5 Bxf1 25. Rxh4 d5 26. Nac2 Bf2 27. Rf4 dxe4 28. Rxe4 Rd1 29. h4 Bd3 30. Re7 Bxc2 31. h5 Rxe1+ 32. Rxe1 Bxe1 33. h6 Kd7 34. Kg1 Bf2+ 35. Kf1 Bd3# 0-1

[Event "Deutscher Jugend Online Cup 2020"]
[Site "Tornelo"]
[Date "2020.11.14"]
[Round "9.7"]
[White "Albert, Markus"]
[Black "Bakiev, Diyor"]
[Result "0-1"]
[ECO "B11"]
[WhiteElo "1926"]
[BlackElo "2119"]
[Annotator "NA"]
[PlyCount "154"]
[EventDate "2020.11.13"]
[EventType "k.o."]
[SourceTitle "playchess.com"]
[Source "ChessBase"]
[SourceQuality "1"]
[TimeControl "600+3"]

1. e4 c6 2. Nc3 d5 3. Qf3 dxe4 4. Nxe4 Nd7 5. d4 Ngf6 6. Bc4 e6 7. c3 Nxe4 8. Qxe4 Nf6 9. Qe2 Bd6 10. Nf3 O-O 11. Bg5 h6 12. Bh4 Be7 13. O-O-O b5 14. Bd3 Bb7 15. Rhg1 Qd5 16. Kb1 a5 17. g4 g5 18. Bg3 c5 19. Ne5 cxd4 20. cxd4 Kg7 21. h4 Ne4 22. Bxb5 (22. Bh2 $16) 22... Nxg3 23. Rxg3 (23. fxg3 $11 Qe4+ 24. Qxe4 Bxe4+ 25. Bd3) 23... Qe4+ 24. Qxe4 Bxe4+ 25. Ka1 gxh4 26. Re3 Bd5 27. Bc4 Rfd8 28. Bf1 Bg5 29. Ra3 Bf6 30. Re3 Rac8 31. Kb1 $19 Bg5 32. Rc3 Be4+ 33. Ka1 Rxc3 34. bxc3 Bf6 35. Nc4 a4 36. Kb2 Rb8+ 37. Ka1 Bg5 38. Bd3 Bf3 39. Rg1 h3 40. Ne5 Bd5 41. c4 f6 42. cxd5 fxe5 43. dxe6 Bf6 44. a3 e4 45. Bxe4 Bxd4+ 46. Ka2 Rb2+ 47. Ka1 Re2+ 48. Kb1 Rxe4 49. Rh1 Rxe6 50. Rxh3 Bxf2 51. Rf3 Bc5 52. Rf4 Bd6 53. Rxa4 Re3 54. Ra7+ Kf6 55. a4 Kg5 56. Rg7+ Kf6 57. Ra7 Bf4 58. a5 Kg5 59. Rg7+ Kh4 60. a6 Ra3 61. Ra7 Kxg4 62. Kb2 Ra5 63. Kb3 h5 64. Kb4 Ra1 65. Rg7+ Kh3 66. a7 Be3 67. Rh7 h4 68. Rd7 Bxa7 69. Kc3 Kg2 70. Rg7+ Kh3 71. Kd3 Bf2 72. Ke2 Bg3 73. Rh7 Ra2+ 74. Kf3 Rf2+ 75. Ke3 Kg2 76. Rg7 Rf6 77. Rh7 h3 0-1

[Event "Deutscher Jugend Online Cup 2020"]
[Site "Tornelo"]
[Date "2020.11.14"]
[Round "9.7"]
[White "Wartenberg, Alissa"]
[Black "Trunz, Michelle"]
[Result "1/2-1/2"]
[ECO "B90"]
[WhiteElo "1463"]
[BlackElo "1673"]
[Annotator "NA"]
[PlyCount "151"]
[EventDate "2020.11.13"]
[EventType "k.o."]
[SourceTitle "playchess.com"]
[Source "ChessBase"]
[SourceQuality "1"]
[TimeControl "600+3"]

1. e4 c5 2. Nf3 d6 3. d4 cxd4 4. Nxd4 Nf6 5. Nc3 a6 6. Be3 e5 7. Nb3 Be6 8. f3 Nbd7 9. Qd2 Be7 10. Be2 b5 11. f4 exf4 12. Bxf4 Nc5 13. Nxc5 dxc5 14. Qe3 Qa5 15. Qf3 O-O 16. Bd2 b4 17. Nd5 Bxd5 18. exd5 Rad8 19. Bc4 Rfe8 20. O-O Bd6 21. Bg5 Be5 22. Bxf6 Bxf6 23. Rab1 Qc7 24. Qg4 Kh8 25. b3 a5 26. Rbd1 Qd6 27. Kh1 Re7 28. Rde1 Qd7 29. Qg3 Rde8 30. Rxe7 Rxe7 31. Qb8+ Qe8 32. Qg3 Be5 33. Qh4 g6 34. Qf2 Bd4 35. Qh4 f5 36. d6 Re4 37. Qg3 Be5 38. Qd3 Rd4 39. Qe2 Re4 40. Qd3 Qd7 41. Rd1 Rd4 42. Qe2 Rxd1+ 43. Qxd1 Qxd6 44. Qxd6 Bxd6 45. g3 Kg7 46. Kg2 Kf6 47. Kf3 Ke5 48. Bg8 h6 49. Bh7 g5 50. Bg8 Kd4 51. Bc4 f4 52. gxf4 Bxf4 53. h3 Kc3 54. Bd3 Kb2 55. Ke4 Kxa2 56. Kd5 Be3 57. Kc4 h5 58. Bf5 Kb2 59. Kb5 g4 60. hxg4 hxg4 61. Bxg4 Kxc2 62. Be6 Kc3 63. Kxa5 Bd4 64. Kb5 Kd3 65. Ka5 Kc3 66. Kb5 Be3 67. Ka5 Kd4 68. Kb5 Ke5 69. Bc4 Kd4 70. Kc6 Kc3 71. Kd6 Bd4 72. Ke6 Bg1 73. Kf7 Bd4 74. Ke6 Kd2 75. Kf7 Kc3 76. Ke6 1/2-1/2

[Event "Deutscher Jugend Online Cup 2020"]
[Site "Tornelo"]
[Date "2020.11.14"]
[Round "10.6"]
[White "Trunz, Michelle"]
[Black "Wartenberg, Alissa"]
[Result "1-0"]
[ECO "D13"]
[WhiteElo "1673"]
[BlackElo "1463"]
[Annotator "NA RC"]
[PlyCount "149"]
[EventDate "2020.11.13"]
[EventType "k.o."]
[SourceTitle "playchess.com"]
[Source "ChessBase"]
[SourceQuality "1"]
[TimeControl "600+3"]

1. d4 d5 2. c4 c6 3. cxd5 cxd5 4. Nc3 Nf6 5. Nf3 e6 6. Bf4 Nc6 7. e3 Bb4 8. Bb5 Qb6 9. Qa4 Bxc3+ 10. bxc3 O-O 11. Bxc6 Qxc6 12. Qxc6 bxc6 13. Ne5 Bd7 14. Ke2 a5 15. Rab1 Rac8 16. Rb7 Rfd8 17. Bg5 Be8 18. f3 h6 19. Bxf6 gxf6 20. Ng4 Kg7 21. Rhb1 c5 22. Kd3 cxd4 23. cxd4 Rc4 24. Rb8 Rxb8 25. Rxb8 Ba4 26. Rb2 Rc1 27. Ke2 Rc2+ 28. Rxc2 Bxc2 29. Kd2 Ba4 30. Kc3 Bb5 31. Nf2 Bc4 32. a3 e5 33. Nd1 Bf1 34. g3 Be2 35. Nb2 Bxf3 36. Nd3 e4 37. Nf4 Bg4 38. Nxd5 Bd7 39. Nf4 f5 40. Kc4 Kf6 41. h4 Ke7 42. Kc5 Kd8 43. Kd6 Ke8 44. Nd5 Ba4 45. Ne7 Bd7 46. Ng8 Be6 47. Nf6+ Kf8 48. d5 Bc8 49. Nd7+ Ke8 50. Nc5 Kd8 51. Nb3 a4 52. Nc5 Ke8 53. Nxa4 Bd7 54. Nc5 Bb5 55. a4 Be2 56. a5 Kd8 57. Kc6 Kc8 58. d6 Bc4 59. a6 Bxa6 60. Nxa6 Kd8 61. Nc5 Kc8 62. d7+ Kd8 63. Nb3 f6 64. Nd4 Ke7 65. Kc7 Kf7 66. d8=Q Kg6 67. Qe8+ Kh7 68. Qf7+ Kh8 69. Qxf6+ Kg8 70. Qg6+ Kh8 71. Qxh6+ Kg8 72. Ne6 Kf7 73. Kd6 f4 74. Qg7+ Ke8 75. Qf8# 1-0

[Event "Deutscher Jugend Online Cup 2020"]
[Site "Tornelo"]
[Date "2020.11.14"]
[Round "10.7"]
[White "Bildat, Emilia"]
[Black "Becker, Linda"]
[Result "0-1"]
[ECO "A25"]
[WhiteElo "1852"]
[BlackElo "1763"]
[Annotator "NA"]
[PlyCount "50"]
[EventDate "2020.11.13"]
[EventType "k.o."]
[SourceTitle "playchess.com"]
[Source "ChessBase"]
[SourceQuality "1"]
[TimeControl "600+3"]

1. c4 e5 2. g3 Nc6 3. Bg2 f5 4. Nc3 Nf6 5. d3 Bb4 6. Bd2 Bxc3 7. Bxc3 d6 8. e3 O-O 9. Ne2 Qe8 10. O-O Kh8 11. b4 Rb8 12. a4 Bd7 13. a5 Qh5 14. b5 Nd8 15. d4 Nf7 16. Bb4 Rfe8 17. Nc3 Qh6 18. c5 (18. Nd5 $14) 18... dxc5 19. dxc5 Ng4 20. h3 Nf6 21. Qe2 (21. f4 $11 {remains equal.}) 21... f4 22. Rfd1 $2 (22. h4 $1 $15) 22... Bxh3 23. Rd2 (23. Bxh3 $142 Qxh3 24. Qf1) 23... Ng5 24. Qf1 {[%emt 0:00:47] [#]} Nf3+ $19 25. Kh1 Nxd2 (25... Bg4+ $142 26. Bh3 Bxh3 27. Qg2 Bg4+ 28. Qh3 Qxh3#) 0-1

[Event "Deutscher Jugend Online Cup 2020"]
[Site "Tornelo"]
[Date "2020.11.14"]
[Round "10.7"]
[White "Besou, Hussain"]
[Black "Buchinger, Alexis"]
[Result "1-0"]
[ECO "C01"]
[WhiteElo "1804"]
[BlackElo "1496"]
[Annotator "NA RC"]
[PlyCount "123"]
[EventDate "2020.11.13"]
[EventType "k.o."]
[SourceTitle "playchess.com"]
[Source "ChessBase"]
[SourceQuality "1"]
[TimeControl "600+3"]

1. e4 e6 2. d4 d6 3. c4 Ne7 4. Nc3 Nd7 5. f3 b6 6. Be3 Bb7 7. Qd2 Rc8 8. Nge2 g6 9. Ng3 Bg7 10. Be2 c5 ({Black should play} 10... a6) 11. d5 (11. Nb5 $18 {has better winning chances.}) 11... exd5 12. cxd5 O-O 13. O-O f5 14. Bf4 Be5 15. Bxe5 Nxe5 16. Rae1 f4 17. Nh1 g5 18. g3 Kh8 19. g4 N7g6 20. Nf2 Nh4 21. Nd3 Qf6 22. Nxe5 Qxe5 23. Rd1 a6 24. a4 Rf6 25. Bc4 (25. Nb1 $11 {keeps the balance.}) 25... h5 26. h3 ({Don't play} 26. gxh5 Rh6 $11) 26... hxg4 27. hxg4 Rh6 28. Kf2 Kg7 29. Ne2 $2 (29. Qe2 $17) 29... Kg6 $2 (29... Rch8 $19 30. Rg1 {[#]} Nxf3 $1 31. Kxf3 Rh3+ 32. Kf2 Rh2+ 33. Ke1 f3) 30. Qc3 Qe7 31. Bd3 $2 (31. e5 $11) 31... Kf7 32. Rc1 (32. Rh1 $17) 32... Rch8 33. b4 $2 {[%emt 0:00:23] [#]} (33. Rcd1) 33... Ng6 (33... Nxf3 $142 $1 34. Kxf3 Rh2 35. Qxh8 Rxh8) 34. bxc5 bxc5 35. Rb1 Ne5 36. Bc4 Rh3 37. Ng1 (37. Ke1 $142 Bc8 38. Ng1) 37... Rh2+ 38. Ke1 Rg2 39. Rb2 Rxb2 40. Qxb2 Nxc4 41. Qxh8 Ne3 42. Qh7+ Kf6 43. Qxe7+ Kxe7 44. Rf2 Kd7 45. Kd2 a5 46. Nh3 Ba6 47. Nxg5 c4 48. Ne6 $18 c3+ 49. Kc1 Bc4 50. Nxf4 Bb3 51. Ne2 Nd1 52. Rf1 c2 53. Nd4 Bxa4 54. Re1 Nc3 55. Nxc2 Nb5 56. g5 Ke7 57. f4 Bxc2 58. Kxc2 Nd4+ 59. Kd3 Nf3 60. Rf1 Nh2 61. Ra1 Kd7 62. Rxa5 1-0

[Event "Deutscher Jugend Online Cup 2020"]
[Site "Tornelo"]
[Date "2020.11.14"]
[Round "10.7"]
[White "Trunz, Tamila"]
[Black "Sickmann, Lisa"]
[Result "0-1"]
[ECO "C67"]
[WhiteElo "1379"]
[BlackElo "1510"]
[Annotator "NA RC"]
[PlyCount "88"]
[EventDate "2020.11.13"]
[EventType "k.o."]
[SourceTitle "playchess.com"]
[Source "ChessBase"]
[SourceQuality "1"]
[TimeControl "600+3"]

1. e4 e5 2. Nf3 Nc6 3. Bb5 Nf6 4. O-O Nxe4 5. Re1 Nd6 6. d4 Nxb5 7. Nxe5 Be7 8. Nxc6 dxc6 9. Bg5 f6 10. Bf4 O-O 11. c3 Nd6 12. Qe2 Re8 13. Bxd6 cxd6 14. Nd2 Bf5 15. Ne4 Bxe4 16. Qxe4 Bf8 17. Qf5 Qc8 18. Qh5 Qd7 19. d5 Qf7 20. Qxf7+ Kxf7 21. dxc6 bxc6 22. Re3 Rxe3 23. fxe3 Re8 24. Kf2 d5 25. a4 Bc5 26. Re1 f5 27. Kf3 g5 28. b4 Bd6 29. h3 Re4 30. Rf1 Kg6 31. g4 f4 32. exf4 Rxf4+ 33. Ke2 Rxf1 34. Kxf1 Be5 35. Ke2 Bxc3 36. b5 cxb5 37. axb5 Kf6 38. Kd3 d4 39. Kc4 Ke5 40. Kb3 Ke4 41. Kc4 Ke3 42. Kb3 d3 43. Kxc3 d2 44. Kc2 Ke2 0-1

[Event "Deutscher Jugend Online Cup 2020"]
[Site "Tornelo"]
[Date "2020.11.14"]
[Round "13"]
[White "Bildat, Emilia"]
[Black "Becker, Linda"]
[Result "1/2-1/2"]
[ECO "A25"]
[WhiteElo "1852"]
[BlackElo "1763"]
[Annotator "NA RC"]
[PlyCount "93"]
[EventDate "2020.11.13"]
[EventType "k.o."]
[SourceTitle "playchess.com"]
[Source "ChessBase"]
[SourceQuality "1"]
[TimeControl "600+3"]

1. c4 e5 2. g3 Nc6 3. Bg2 f5 4. Nc3 Nf6 5. e3 Bb4 6. Nge2 O-O 7. O-O Bxc3 8. Nxc3 d6 9. d3 Qe8 10. a3 Kh8 11. Bd2 Rb8 12. b4 Nd8 13. Nb5 Ne6 14. Qc2 a6 15. Nc3 Qh5 16. Nd5 Ng4 17. h3 Nf6 18. a4 Ng5 19. h4 Nf3+ 20. Bxf3 Qxf3 21. Qd1 Qxd1 22. Rfxd1 Nxd5 23. cxd5 Bd7 24. Rdc1 Rfc8 25. e4 c6 26. dxc6 Rxc6 27. a5 Rbc8 28. f4 fxe4 29. dxe4 Rc2 30. Be3 R2c4 31. Rab1 Rxe4 32. Rxc8+ Bxc8 33. Rc1 Bd7 34. Rc7 Rxe3 35. Rxd7 h6 36. Kf2 exf4 37. gxf4 Re4 38. Rxb7 Rxf4+ 39. Kg3 Rf6 40. Ra7 d5 41. Rd7 Rf5 42. Kg4 Re5 43. Kg3 Re4 44. Rxd5 Rxb4 45. Rd6 Rb3+ 46. Kf4 Rb4+ 47. Ke3 1/2-1/2

[Event "Deutscher Jugend Online Cup 2020"]
[Site "Tornelo"]
[Date "2020.11.14"]
[Round "13"]
[White "Becker, Linda"]
[Black "Bildat, Emilia"]
[Result "1/2-1/2"]
[ECO "B22"]
[WhiteElo "1763"]
[BlackElo "1852"]
[Annotator "NA RC"]
[PlyCount "64"]
[EventDate "2020.11.13"]
[EventType "k.o."]
[SourceTitle "playchess.com"]
[Source "ChessBase"]
[SourceQuality "1"]
[TimeControl "600+3"]

1. e4 c5 2. c3 d5 3. exd5 Qxd5 4. d4 g6 5. Na3 cxd4 6. cxd4 Bg7 7. Nf3 Bg4 8. Be3 Bxf3 9. Qxf3 Qxf3 10. gxf3 Nf6 11. Bh3 Nd5 12. Rc1 Nc6 13. O-O O-O 14. Rfd1 e6 15. Nb5 Rfd8 16. Nc3 Rac8 17. Nxd5 Rxd5 18. Rc5 Rcd8 19. Rxd5 Rxd5 20. Bg2 Nxd4 21. Bxd4 Bxd4 22. Rd2 Bc5 23. Rxd5 exd5 24. f4 d4 25. Bxb7 Bd6 26. f5 gxf5 27. Kg2 Kg7 28. h3 Kg6 29. Bd5 f6 30. Kf3 Kg5 31. Be6 f4 32. Ke4 Be5 1/2-1/2

[Event "Deutscher Jugend Online Cup 2020"]
[Site "Tornelo"]
[Date "2020.11.14"]
[Round "13"]
[White "Trunz, Michelle"]
[Black "Wartenberg, Alissa"]
[Result "1-0"]
[ECO "D14"]
[WhiteElo "1673"]
[BlackElo "1463"]
[Annotator "NA RC"]
[PlyCount "145"]
[EventDate "2020.11.13"]
[EventType "k.o."]
[SourceTitle "playchess.com"]
[Source "ChessBase"]
[SourceQuality "1"]
[TimeControl "600+3"]

1. d4 d5 2. c4 c6 3. cxd5 cxd5 4. Nc3 Nf6 5. Nf3 Nc6 6. Bf4 Bf5 7. e3 e6 8. Qa4 a6 9. a3 Bd6 10. Bxd6 Qxd6 11. Ne5 O-O 12. Nxc6 Qxc6 13. Qxc6 bxc6 14. b4 Ra7 15. f3 Rfa8 16. a4 Rb8 17. Na2 a5 18. b5 cxb5 19. Bxb5 Ne8 20. Kd2 Nd6 21. Nc3 Rc7 22. Rhc1 Nc4+ 23. Ke2 Nb6 24. g4 Bg6 25. h4 f6 26. h5 Be8 27. Kd2 Nc4+ 28. Ke2 Nd6 29. Bxe8 Nxe8 30. Nb5 Rcb7 31. Rc2 Rb6 32. Rac1 Nd6 33. Nxd6 Rxd6 34. Rc8+ Rxc8 35. Rxc8+ Kf7 36. Rc7+ Kf8 37. Ra7 Rb6 38. Rxa5 Rb2+ 39. Kd3 Ra2 40. e4 dxe4+ 41. Kxe4 Ke8 42. Ra7 Kf8 43. Kd3 Kg8 44. Kc4 g6 45. h6 g5 46. Rg7+ Kf8 47. Ra7 Ke8 48. a5 e5 49. d5 Kd8 50. d6 Rd2 51. Kc5 Rc2+ 52. Kd5 Rd2+ 53. Ke6 Kc8 54. Kxf6 Rxd6+ 55. Kxg5 Rg6+ 56. Kh5 Re6 57. Rxh7 e4 58. fxe4 Rxe4 59. Ra7 Kb8 60. Rf7 Re8 61. g5 Kc8 62. h7 Rh8 63. g6 Kd8 64. Rg7 Ke8 65. Rg8+ Rxg8 66. hxg8=Q+ Kd7 67. Qf7+ Kc6 68. Qc4+ Kb7 69. g7 Ka7 70. Kg5 Kb7 71. Qb5+ Ka7 72. Qb6+ Ka8 73. g8=Q# 1-0

[Event "Deutscher Jugend Online Cup 2020"]
[Site "Tornelo"]
[Date "2020.11.14"]
[Round "13"]
[White "Sickmann, Lisa"]
[Black "Trunz, Tamila"]
[Result "1-0"]
[ECO "C77"]
[WhiteElo "1510"]
[BlackElo "1379"]
[Annotator "NA RC"]
[PlyCount "85"]
[EventDate "2020.11.13"]
[EventType "k.o."]
[SourceTitle "playchess.com"]
[Source "ChessBase"]
[SourceQuality "1"]
[TimeControl "600+3"]

1. e4 e5 2. Nf3 Nc6 3. Bb5 a6 4. Ba4 Nf6 5. d4 exd4 6. O-O Bc5 7. e5 Nd5 8. c3 Nb6 9. cxd4 Nxa4 10. Qxa4 b5 11. Qd1 Bb6 12. d5 Ne7 13. d6 cxd6 14. exd6 Nf5 15. Qd5 Rb8 16. Qxf5 O-O 17. Nc3 b4 18. Nd5 Bc5 19. Ng5 g6 20. Ne7+ Kg7 21. Qxc5 Rb5 22. Qd4+ f6 23. b3 Rb6 24. Nxh7 Kxh7 25. Qh4+ Kg7 26. Qh6+ Kf7 27. Qxg6+ Ke6 28. Bf4 Qxe7 29. dxe7 Kxe7 30. Rfe1+ Re6 31. Rxe6+ dxe6 32. Rd1 e5 33. Qg7+ Rf7 34. Qg8 Rf8 35. Qd5 exf4 36. Re1+ Be6 37. Qxe6+ Kd8 38. Qd6+ Kc8 39. Rc1+ Kb7 40. Qc6+ Ka7 41. Qc7+ Ka8 42. Rc6 Re8 43. Rxa6# 1-0

[Event "Deutscher Jugend Online Cup 2020"]
[Site "Tornelo"]
[Date "2020.11.14"]
[Round "13"]
[White "Buchinger, Alexis"]
[Black "Besou, Hussain"]
[Result "0-1"]
[ECO "E61"]
[WhiteElo "1496"]
[BlackElo "1804"]
[Annotator "NA RC"]
[PlyCount "88"]
[EventDate "2020.11.13"]
[EventType "k.o."]
[SourceTitle "playchess.com"]
[Source "ChessBase"]
[SourceQuality "1"]
[TimeControl "600+3"]

1. c4 Nf6 2. Nc3 g6 3. g3 Bg7 4. Bg2 O-O 5. e3 d6 6. Nge2 e5 7. O-O Nbd7 8. d4 Re8 9. b3 Nf8 10. Bb2 e4 11. Qc2 Bf5 12. Rad1 h5 13. d5 Qe7 14. Nd4 Bd7 15. Rfe1 h4 16. Ncb5 Bg4 17. Rd2 a6 18. Nc3 N8h7 19. gxh4 Rac8 20. Nde2 Bf5 21. Ng3 Ng4 22. h3 Ne5 23. Ncxe4 Qxh4 24. Kh2 Ng4+ 25. Kg1 Ne5 26. Bxe5 Rxe5 27. Kh2 Ng5 28. Nxf5 Rxf5 29. Ng3 Rf3 30. Qd1 Bc3 31. Bxf3 Bxd2 32. Rh1 Bxe3 33. fxe3 Qxh3+ 34. Kg1 Qxg3+ 35. Bg2 Qxe3+ 36. Kf1 Re8 37. Qa1 Re5 38. Rh3 Nxh3 39. Bxh3 Qxh3+ 40. Kf2 Rf5+ 41. Ke2 Qg2+ 42. Ke3 Rf3+ 43. Kd4 Qd2+ 44. Ke4 Qe3# 0-1

[Event "Deutscher Jugend Online Cup 2020"]
[Site "Tornelo"]
[Date "2020.11.14"]
[Round "13"]
[White "Wartenberg, Alissa"]
[Black "Trunz, Michelle"]
[Result "1-0"]
[ECO "B90"]
[WhiteElo "1463"]
[BlackElo "1673"]
[Annotator "NA RC"]
[PlyCount "141"]
[EventDate "2020.11.13"]
[EventType "k.o."]
[SourceTitle "playchess.com"]
[Source "ChessBase"]
[SourceQuality "1"]
[TimeControl "600+3"]

1. e4 c5 2. Nf3 d6 3. d4 cxd4 4. Nxd4 Nf6 5. Nc3 a6 6. Be3 e5 7. Nb3 Be6 8. f3 Nbd7 9. Qd2 Be7 10. Be2 h6 11. f4 exf4 12. Bxf4 Nc5 13. Nxc5 dxc5 14. Bd3 c4 15. Be2 Qxd2+ 16. Bxd2 Rd8 17. O-O-O b5 18. Bf3 b4 19. Ne2 g5 20. Be3 O-O 21. g3 Kg7 22. Nd4 Bd7 23. Nf5+ Bxf5 24. exf5 c3 25. b3 g4 26. Be2 a5 27. Bb6 Rxd1+ 28. Rxd1 Ra8 29. Bd4 a4 30. bxa4 Rxa4 31. Kb1 h5 32. Bb5 Ra5 33. Bd3 Kg8 34. Re1 Kf8 35. Re5 Rxe5 36. Bxe5 Nd7 37. Bc7 Nc5 38. Kc1 Bg5+ 39. Kd1 Nxd3 40. cxd3 Bd2 41. Bd6+ Ke8 42. Bxb4 Be3 43. Bxc3 Bg1 44. Be5 Bxh2 45. d4 Ke7 46. Ke2 f6 47. Bf4 h4 48. Kf2 h3 49. a4 Kd7 50. Kf1 Kc6 51. a5 Kb5 52. d5 Kxa5 53. d6 Kb6 54. d7 Bg1 55. d8=Q+ Kc6 56. Qc8+ Kd5 57. Qd7+ Ke4 58. Qc6+ Kd3 59. Qb5+ Kd4 60. Qb4+ Kd3 61. Qd6+ Kc4 62. Qc6+ Kd3 63. Kxg1 Ke2 64. Kh2 Kf2 65. Qxf6 Ke2 66. Qg5 Kf3 67. f6 Kf2 68. f7 Kf1 69. f8=Q Ke2 70. Qe5+ Kf2 71. Bd2# 1-0